 Dungeon Crawl Stone Soup version 0.30-a0-424-g7412bad402 (webtiles) character file.

Game seed: 17984055687851878876

13293 pokeman the Eclecticist (level 11, -2/61 HPs)
             Began as a Deep Elf Hedge Wizard on Dec 9, 2022.
             Was a High Priest of Vehumet.
             Slain by an ice devil (4 damage)
             ... in an ice cave.
             The game lasted 00:31:55 (13485 turns).

pokeman the Eclecticist (Deep Elf Hedge Wizard)    Turns: 13485, Time: 00:31:56

Health: -2/61      AC:  8    Str:  7    XL:     11   Next: 73%
Magic:  23/42      EV: 28    Int: 24    God:    Vehumet [*****.]
Gold:   454        SH:  0    Dex: 14    Spells: 13/42 levels left

rFire   . . .      SeeInvis .    X - +1 war axe (venom)
rCold   . . .      Faith    .    (no shield)
rNeg    . . .      Spirit   .    O - +0 steam dragon scales
rPois   .          Reflect  .    A - +0 helmet
rElec   .          Harm     .    (no cloak)
rCorr   .          Rampage  .    n - +0 pair of gloves
Will    +....                    (no boots)
Stlth   ++........               p - amulet of the acrobat
HPRegen 0.30/turn                W - ring of wizardry
MPRegen 0.28/turn                D - ring of magical power

@: acrobatic, on blink cooldown
A: no striking features
a: Renounce Religion


You were in an ice cave.
You worshipped Vehumet.
Vehumet was extremely pleased with you.
You visited 2 branches of the dungeon, and saw 13 of its levels.
You also visited: Sewer and Ice Cave.

You collected 759 gold pieces.
You spent 305 gold pieces at shops.

Inventory:

Hand Weapons
 S - a +1 dagger of chaos
 X - a +1 war axe of venom (weapon)
Missiles
 h - 2 throwing nets
Armour
 n - a +0 pair of gloves (worn)
 v - a +1 robe of willpower
 y - a +0 scale mail of cold resistance
 A - a +0 helmet (worn)
 G - a +0 buckler
 J - +0 swamp dragon scales
 O - +0 steam dragon scales (worn)
Jewellery
 o - a ring of resist corrosion
 p - an amulet of the acrobat (around neck)
 u - a ring of willpower
 z - a ring of protection from cold
 D - a ring of magical power (right hand)
 M - a ring of flight
 N - a ring of positive energy
 W - a ring of wizardry (left hand)
Wands
 x - a wand of quicksilver (12)
 E - a wand of paralysis (17)
 K - a wand of polymorph (23)
 P - a wand of digging (4)
Scrolls
 a - 2 scrolls of immolation
 e - a scroll of poison
 f - 3 scrolls of vulnerability
 i - 2 scrolls of amnesia
 k - 5 scrolls of enchant weapon
 l - 9 scrolls of teleportation
 s - 2 scrolls of silence
 t - a scroll of fear {unknown}
 B - 2 scrolls of enchant armour {unknown}
 C - a scroll of noise {unknown}
 F - 2 scrolls of blinking
 I - a scroll of magic mapping {unknown}
 Q - a scroll of brand weapon {unknown}
 U - 2 scrolls of fog {unknown}
Potions
 b - 3 potions of invisibility {unknown}
 c - a potion of haste {unknown}
 d - 3 potions of magic
 g - a potion of ambrosia
 j - 5 potions of curing {unknown}
 q - 4 potions of degeneration {unknown}
 r - 2 potions of attraction {unknown}
 w - 5 potions of heal wounds {unknown}
 H - 2 potions of might {unknown}
 L - 4 potions of mutation {unknown}
 R - 2 potions of flight {unknown}
 T - a potion of lignification {unknown}


   Skills:
 - Level 4.0 Fighting
 - Level 4.0 Armour
 - Level 3.0 Dodging
 - Level 3.0 Stealth
 + Level 4.0 Shields
 * Level 16.3 Spellcasting
 + Level 9.6 Conjurations
 - Level 1.1 Summonings
 - Level 1.1 Translocations
 + Level 3.3 Fire Magic
 - Level 1.1 Air Magic
 + Level 6.6 Earth Magic
 - Level 1.1 Poison Magic
 - Level 1.0 Evocations


You had 13 spell levels left.
You knew the following spells:

 Your Spells              Type           Power      Damage    Failure   Level
a - Magic Dart            Conj           100%       1d8       1%          1
b - Mephitic Cloud        Conj/Pois/Air  38%        N/A       1%          3
c - Call Imp              Summ           24%        N/A       1%          2
d - Blink                 Tloc           48%        N/A       1%          2
e - Flame Wave            Conj/Fire      50%        2d12      1%          4
f - Stone Arrow           Conj/Erth      100%       3d13      1%          3
g - Iron Shot             Conj/Erth      27%        9d6       1%          6
h - Lehudib's Crystal Sp  Conj/Erth      27%        10d7      50%         8

Your spell library contained the following spells:

 Spells                   Type           Power      Damage    Failure   Level
 Conjure Ball Lightning   Conj/Air       22%        3x3d6     5%          6
 Slow                     Hex            76%        N/A       1%          1
 Cigotuvi's Dreadful Rot  Necr/Pois/Air  46%        N/A       1%          2
 Poisonous Vapours        Pois/Air       50%        N/A       1%          2
 Dazzling Flash           Conj/Hex       84%        N/A       1%          3
 Inner Flame              Hex/Fire       27%        N/A       1%          3
 Sticky Flame             Conj/Fire      50%        2d7       1%          4
 Arcjolt                  Conj/Air       22%        1d32      1%          5
 Portal Projectile        Hex/Tloc       44%        N/A       2%          3
 Vhi's Electric Charge    Tloc/Air       50%        N/A       2%          3
 Animate Armour           Summ/Erth      76%        N/A       2%          4
 Confusing Touch          Hex            19%        N/A       3%          3
 Tukima's Dance           Hex            19%        N/A       3%          3
 Vampiric Draining        Necr           19%        2d7       3%          3
 Alistair's Intoxication  Tmut/Pois      14%        N/A       24%         5
 Silence                  Hex/Air        11%        N/A       24%         5
 Agony                    Necr           19%        N/A       30%         5
 Blade Hands              Tmut           9%         N/A       30%         5
 Maxwell's Capacitive Co  Air            12%        ∞         99%         8
 Borgnjor's Revivificati  Necr           9%         N/A       100%        8
 Necromutation            Tmut/Necr      9%         N/A       100%        8
 Death's Door             Necr           9%         N/A       100%        9


Dungeon Overview and Level Annotations

Branches:
Dungeon (12/15)            Temple (1/1) D:4            Lair (0/5) D:10
    Orc (0/2) D:11          Sewer (visited)           IceCv (1/1)

Altars:
Ashenzari
Cheibriados
Dithmenos
Elyvilon
Fedhas
Gozag
Hepliaklqana
Kikubaaqudgha
Makhleb
Nemelex Xobeh
Okawaru
Qazlal
Ru
Sif Muna
Trog
Uskayaw
Vehumet
Wu Jian
Xom
Yredelemnul
Zin
The Shining One

Shops:
D:4 *   D:8 *   D:11 (:


Message History

The ice devil is lightly wounded.
Unknown command.
A wave of flame ripples out!
The flame wave engulfs the ice devil.
The ice devil is burned terribly!
The ice devil is moderately wounded.
The flame wave engulfs the ice devil.
The ice devil is lightly wounded.
The ice devil misses you.
Unknown command.
A wave of flame ripples out!
The flame wave engulfs the ice devil!!
The ice devil is burned terribly!
The ice devil is heavily wounded.
The flame wave engulfs the ice devil!
The ice devil is burned terribly!
The ice devil is moderately wounded.
You finish channelling waves of flame.
The ice devil hits you! The ice devil freezes you!!
* * * LOW HITPOINT WARNING * * *
Unknown command.
Casting: Flame Wave (safe; 1% risk of failure)
Confirm with . or Enter, or press ? or * to list all spells.
You blink.
Unknown command.
Okay, then.
Unknown command.
Okay, then.
Unknown command.
Casting: Blink (safe; 1% risk of failure)
Confirm with . or Enter, or press ? or * to list all spells.
Casting: Flame Wave (safe; 1% risk of failure)
Press: ? - help, Dir - look around, f - activate A wave of flame ripples out! (Press . to intensify the flame waves.) Unknown command.
A wave of flame ripples out!
The flame wave engulfs the ice devil.
The ice devil is burned terribly!
The ice devil is moderately wounded.
The flame wave engulfs the ice devil!
The ice devil is burned terribly!
The ice devil is severely wounded.
The ice devil hits you.
You die...

#### ##..##
###....##
.##.....4.#
.....4∩∩4@#
..........#
#..##....##
# ##..##
####


You could see 3 ice devils.

Vanquished Creatures
  A two-headed ogre (D:11)
  A wizard (D:9)
  Pikel (D:5)
  A cyclops (D:11)
  A gargoyle (D:11)
  Maggie (D:6)
  2 unseen horrors
  A komodo dragon (D:10)
  Psyche (D:9)
  2 trolls
  A hornet (D:9)
  A shadow (D:11)
  A wraith (D:11)
  16 yaks
  A vampire (D:11)
  A wyvern (D:9)
  A steam dragon (D:7)
  Edmund (D:6)
  2 water moccasins (D:8)
  6 orc warriors
  2 black bears
  4 ice beasts
  A sky beast (D:7)
  3 ogres (D:5)
  2 phantoms
  11 centaurs
  3 lemures (D:5)
  3 necrophages
  7 scorpions
  7 bullfrogs
  3 wights (D:8)
  4 troll zombies (D:11)
  10 killer bees (D:9)
  2 howler monkeys
  A crimson imp (D:9)
  4 hounds
  2 jellies
  8 orc priests
  2 gnoll boudas
  6 iguanas
  9 orc wizards
  A troll simulacrum (IceCv)
  A wolf simulacrum (IceCv)
  2 ogre zombies (D:11)
  8 gnolls
  10 adders
  A river rat (D:6)
  A shadow imp (D:4)
  13 white imps
  3 ufetubi
  2 dart slugs
  24 orcs
  6 bats
  8 endoplasms
  11 giant cockroaches
  3 goblins
  6 hobgoblins
  2 jackals (D:1)
  6 quokkas
  13 ball pythons
  9 frilled lizards
  4 goblin zombies (D:11)
  A hobgoblin skeleton (D:11)
  3 kobolds
  An orc skeleton (D:11)
  13 orc zombies (D:11)
  10 rats
299 creatures vanquished.

Vanquished Creatures (collateral kills)
  Menkaure (D:4)
1 creature vanquished.

Vanquished Creatures (others)
  A killer bee (D:9)
1 creature vanquished.

Grand Total: 301 creatures vanquished

Notes
Turn   | Place    | Note
-------+----------+-------------------------------------------
     0 | D:1      | pokeman the Deep Elf Hedge Wizard began the quest for the
                  | Orb.
     0 | D:1      | Reached XP level 1. HP: 10/10 MP: 7/7
   488 | D:1      | Reached XP level 2. HP: 16/16 MP: 6/9
   961 | D:1      | Found a faded altar of an unknown god.
  1606 | D:2      | Reached skill level 5 in Spellcasting
  1844 | D:2      | Reached XP level 3. HP: 20/20 MP: 8/11
  1848 | D:2      | Learned a level 3 spell: Mephitic Cloud
  1851 | D:2      | Learned a level 2 spell: Call Imp
  1854 | D:2      | Learned a level 2 spell: Blink
  2297 | D:3      | Reached skill level 1 in Armour
  2309 | D:3      | Reached skill level 1 in Fighting
  2309 | D:3      | Reached XP level 4. HP: 25/25 MP: 5/13
  2468 | D:3      | Noticed a centaur
  2483 | D:3      | Killed a centaur
  2484 | D:3      | Reached skill level 6 in Spellcasting
  2484 | D:3      | Reached XP level 5. HP: 12/29 MP: 9/15
  2861 | D:3      | Reached skill level 1 in Shields
  3160 | D:3      | Learned a level 3 spell: Stone Arrow
  3475 | D:4      | Found Ygeth's General Store.
  3483 | D:4      | Bought a scroll of teleportation for 39 gold pieces
  3521 | D:4      | Reached XP level 6. HP: 14/34 MP: 1/17
  3531 | D:4      | Noticed Menkaure
  3655 | D:4      | Reached skill level 7 in Spellcasting
  3655 | D:4      | Reached skill level 1 in Air Magic
  3749 | D:4      | Reached skill level 1 in Poison Magic
  3899 | D:4      | Reached skill level 1 in Earth Magic
  4154 | D:4      | Killed Menkaure
  4155 | D:4      | Reached skill level 1 in Evocations
  4155 | D:4      | Reached XP level 7. HP: 21/38 MP: 12/20
  4238 | D:4      | Found a staircase to the Ecumenical Temple.
  4247 | Temple   | Entered the Ecumenical Temple
  4318 | Temple   | Became a worshipper of Vehumet
  4444 | D:5      | Entered Level 5 of the Dungeon
  4480 | D:5      | Reached skill level 8 in Spellcasting
  4688 | D:5      | Reached skill level 9 in Spellcasting
  4723 | D:5      | Found a white marble altar of Elyvilon.
  4761 | D:5      | Reached XP level 8. HP: 44/44 MP: 18/23
  5042 | D:5      | Noticed Pikel
  5108 | D:5      | Killed Pikel
  5109 | D:5      | Reached skill level 10 in Spellcasting
  5109 | D:5      | Reached skill level 5 in Conjurations
  5341 | D:5      | Reached * piety under Vehumet
  5341 | D:5      | Offered knowledge of Kiss of Death by Vehumet.
  5605 | D:5      | Reached skill level 11 in Spellcasting
  5807 | D:6      | Noticed Edmund
  5818 | D:6      | Noticed Maggie
  5868 | D:6      | Killed Edmund
  5869 | D:6      | Reached XP level 9. HP: 24/48 MP: 23/26
  6016 | D:6      | Found a glowing drain.
  6028 | Sewer    | Entered a sewer
  6345 | Sewer    | Got the Cyclopedia of Necrotic Poisoning
  6763 | D:6      | Offered knowledge of Momentum Strike by Vehumet.
  6797 | D:6      | Reached ** piety under Vehumet
  6865 | D:6      | Killed Maggie
  6866 | D:6      | Reached skill level 12 in Spellcasting
  7396 | D:7      | Found an opulent altar of Gozag.
  7753 | D:7      | Reached skill level 13 in Spellcasting
  8317 | D:8      | Reached XP level 10. HP: 47/55 MP: 22/29
  8436 | D:8      | Offered knowledge of Scorch by Vehumet.
  8563 | D:8      | Found Satwis's Island Escapes.
  8694 | D:8      | Bought a scroll of blinking for 82 gold pieces
  8694 | D:8      | Bought a wand of digging (4) for 184 gold pieces
  8948 | D:8      | Reached *** piety under Vehumet
  9125 | D:8      | Found a shimmering altar of Xom.
  9418 | D:8      | Found a shadowy altar of Dithmenos.
  9569 | D:8      | Found a basalt altar of Yredelemnul.
  9813 | D:9      | Reached skill level 14 in Spellcasting
 10043 | D:9      | Noticed Psyche
 10051 | D:9      | Killed Psyche
 10059 | D:9      | Offered knowledge of Inner Flame by Vehumet.
 10104 | D:9      | Found a sparkling altar of Nemelex Xobeh.
 10181 | D:9      | Reached skill level 5 in Earth Magic
 10190 | D:9      | Learned a level 8 spell: Lehudib's Crystal Spear
 10269 | D:9      | Learned a level 6 spell: Iron Shot
 10430 | D:9      | Noticed a wizard
 10437 | D:9      | Killed a wizard
 10438 | D:9      | Reached skill level 15 in Spellcasting
 10438 | D:9      | Reached XP level 11. HP: 46/61 MP: 26/32
 10452 | D:9      | Learned a level 4 spell: Flame Wave
 10598 | D:10     | Entered Level 10 of the Dungeon
 10828 | D:10     | Reached **** piety under Vehumet
 10900 | D:10     | Found a stormy altar of Qazlal.
 11126 | D:10     | Reached skill level 1 in Fire Magic
 11288 | D:10     | Offered knowledge of Hailstorm by Vehumet.
 11362 | D:10     | Found a staircase to the Lair.
 12114 | D:11     | Noticed a two-headed ogre
 12126 | D:11     | Killed a two-headed ogre
 12129 | D:11     | Reached ***** piety under Vehumet
 12140 | D:11     | Offered knowledge of Conjure Ball Lightning by Vehumet.
 12452 | D:11     | Found a staircase to the Orcish Mines.
 12524 | D:11     | Reached skill level 16 in Spellcasting
 12656 | D:11     | Found Ureomuz's Self-Improvement Boutique.
 12888 | D:11     | Found Tubbierr's Weapon Shoppe.
 13286 | D:12     | Noticed a cyan ugly thing
 13446 | D:12     | Found a frozen archway.
 13460 | IceCv    | Entered an ice cave
 13482 | IceCv    | HP: 1/61 [ice devil (20)]
 13485 | IceCv    | Slain by an ice devil

Illustrated notes

Levels and vault maps discovered:
D:1:      dpeg_arrival_lava_temple_mockup, layout_basic,
          hellmonk_ecumenical_altar_arch_garden
D:2:      layout_loops_ring
D:3:      layout_basic
D:4:      layout_rooms, minmay_temple_entry_butterflies, serial_shops, shop,
          serial_park_tiny_1, uniq_menkaure
D:5:      minmay_recursive_quarters, layout_cave_pools, lemuel_crystal_altar,
          nicolae_sextant, uniq_pikel
D:6:      layout_rooms, gup_sewer_entry_bubbles, serial_bayou_pond_e,
          grunt_decor_mini_mirrors, chequers_serial_rivers_marsh,
          minmay_misc_feat_columns, uniq_maggie, uniq_edmund
D:7:      layout_basic, nicolae_overflow_crystal_walls,
          chequers_serial_rivers_marsh, kennysheep_generic_room_14
D:8:      layout_layer_cave, nicolae_overflow_hidden_temple,
          nicolae_island_escapes
D:9:      layout_rooms, lemuel_round_altar, lightli_wizard_tower, uniq_psyche
D:10:     hellmonk_destroyed_diamonds, layout_loops_corners,
          nicolae_qazlal_general_emergency, hangedman_abyss_or_decor_stagger
D:11:     layout_basic, zombieorc1_lemuel, serial_shops,
          nicolae_shop_waterfront, nicolae_shop_self_help
D:12:     layout_loops_cross, serial_ice, serial_ice_d, serial_ice_f,
          serial_ice_n, serial_ice_l, serial_ice_h, serial_ice_c, serial_ice_g,
          portal_ice_cave_entry_imps, uniq_fannar
Temple:   regret_index_temple_waves
IceCv:    ice_cave_tombish

Skill      XL: |  1  2  3  4  5  6  7  8  9 10 11 |
---------------+----------------------------------+-----
Spellcasting   | 5 6 7 9 11 13 15 16 | 16.3
Armour         | 1 2 3 4 |  4.0
Fighting       | 1 2 3 4 |  4.0
Conjurations   | 2 3 4 6 7 8 9 |  9.6
Dodging        | 3 |  3.0
Shields        | 1 2 3 4 |  4.0
Stealth        | 3 |  3.0
Air Magic      | 1 |  1.1
Poison Magic   | 1 |  1.1
Earth Magic    | 1 2 5 6 |  6.6
Evocations     | 1 |  1.0
Fire Magic     | 3 |  3.3
Summonings     | |  1.1
Translocations | |  1.1

Action                   |  1- 3 |  4- 6 |  7- 9 | 10-12 || total
-------------------------+-------+-------+-------+-------++-------
Melee: Dagger            |     9 |    34 |   107 |    79 ||   229
       Punch             |       |     2 |     2 |     1 ||     5
       War axe           |       |       |       |    12 ||    12
       Spear             |       |       |       |     2 ||     2
 Cast: Magic Dart        |    85 |    74 |   126 |    30 ||   315
       Mephitic Cloud    |     1 |     6 |    21 |    24 ||    52
       Call Imp          |       |     3 |     2 |     1 ||     6
       Blink             |       |       |     3 |     2 ||     5
       Stone Arrow       |       |       |    42 |    98 ||   140
       Flame Wave        |       |       |       |    24 ||    24
Evoke: Wand              |       |       |     3 |       ||     3
  Use: Scroll            |       |       |       |     7 ||     7
 Stab: Confused          |     1 |     4 |    15 |     8 ||    28
       Sleeping          |       |       |     1 |       ||     1
Armor: Robe              |     3 |     6 |    25 |       ||    34
       Steam dragon scal |       |       |     1 |    29 ||    30
Dodge: Dodged            |    18 |    31 |    86 |   128 ||   263

Table legend: (Time is in decaauts)
 A = Elapsed time spent in this place.
 B = Non-inter-level travel time spent in this place.
 C = Inter-level travel time spent in this place.
 D = Time resting spent in this place.
 E = Time spent auto-exploring this place.
 F = Levels seen in this place.
 G = Mean time per level.
                   A        B        C        D        E       F      G
               +--------+--------+--------+--------+--------+-----+--------+
         Total |  13601 |  12815 |    786 |    404 |  10185 |  15 |  906.7 |
       Dungeon |  12822 |  12104 |    718 |    399 |   9617 |  12 | 1068.5 |
        Temple |    142 |     75 |     67 |      0 |     55 |   1 |  142.0 |
         Sewer |    611 |    611 |      0 |      0 |    512 |   1 |  611.0 |
      Ice Cave |     25 |     25 |      0 |      5 |      0 |   1 |   25.0 |
               +--------+--------+--------+--------+--------+-----+--------+

Top non-repeatable levels by time:
    D:11: 1526 daAuts
     D:3: 1521 daAuts
     D:8: 1471 daAuts
     D:5: 1317 daAuts
     D:1: 1270 daAuts
    D:10: 1161 daAuts
     D:7: 1008 daAuts
     D:9: 938 daAuts
     D:6: 912 daAuts
     D:2: 825 daAuts
     D:4: 689 daAuts
   Sewer: 611 daAuts
    D:12: 179 daAuts
  Temple: 142 daAuts
   IceCv: 25 daAuts
